 Dungeon Crawl Stone Soup version 0.22-a0-79-g605b837 (webtiles) character file.

78 oplop the Chiller (level 4, 0/28 HPs)
             Began as an Octopode Ice Elementalist on Jan 17, 2018.
             Slain by an orc
             ... wielding a +0 trident
              (7 damage)
             ... on level 3 of the Dungeon.
             The game lasted 00:02:50 (2796 turns).

oplop the Chiller (Octopode Ice Elementalist)       Turns: 2796, Time: 00:02:51

Health: 0/28       AC:  6    Str:  7    XL:     4   Next: 36%
Magic:  3/8        EV: 13    Int: 18    God:
Gold:   37         SH:  0    Dex: 12    Spells: 4/8 levels left

rFire    . . .     SeeInvis .   i - +0 whip
rCold    . . .     Gourm    .   (no shield)
rNeg     . . .     Faith    .   (helmet restricted)
rPois    .         Spirit   .   (no amulet)
rElec    .         Reflect  .   (no ring)
rCorr    .         Harm     .   (no ring)
MR       .....                  (no ring)
Stlth    +++.......             (no ring)
HPRegen  0.09/turn              (no ring)
MPRegen  0.11/turn              (no ring)
                                (no ring)
                                (no ring)

@: icy armour, slow
A: almost no armour, stealthy swim, amphibious, 8 rings, constrict 8, camouflage
1, gelatinous body 1
a: no special abilities


You were on level 3 of the Dungeon.
You were hungry.

You visited 1 branch of the dungeon, and saw 3 of its levels.

You collected 37 gold pieces.

Inventory:

Hand Weapons
 i - a +0 whip (weapon)
Missiles
 m - 23 stones (quivered)
Jewellery
 k - an uncursed ring of see invisible {unknown}
Scrolls
 d - a scroll of blinking {unknown}
 e - a scroll of enchant armour {unknown}
 g - 2 scrolls of identify {unknown}
Potions
 c - a potion of invisibility {unknown}
 f - a potion of might {unknown}
 h - a potion of curing {unknown}
 j - a potion of cancellation {unknown}
Books
 a - a book of Frost

   Spells                             Type                      Level
   a - Freeze                         Ice                          1
   b - Throw Frost                    Conjuration/Ice              2
   c - Ozocubu's Armour               Charms/Ice                   3
   d - Throw Icicle                   Conjuration/Ice              4
   e - Summon Ice Beast               Ice/Summoning                4
Comestibles
 b - 2 rations


   Skills:
 + Level 1.2 Fighting
 + Level 2.5 Dodging
 - Level 2.6 Stealth
 * Level 2.8 Spellcasting
   Level 1.0 Conjurations
 * Level 3.8 Ice Magic


You had 4 spell levels left.
You knew the following spells:

 Your Spells              Type           Power        Failure   Level  Hunger
a - Freeze                Ice            ###.         3%          1    None
b - Ozocubu's Armour      Chrm/Ice       #.......     22%         3    ###....


Dungeon Overview and Level Annotations

Branches:
Dungeon (3/15)

Altars:
Yredelemnul

Annotations:
D:3 Terence


Innate Abilities, Weirdness & Mutations

You cannot wear most types of armour.
You are very stealthy in the water. (Stealth+)
You are amphibious.
You can wear up to eight rings at the same time.
You can use your tentacles to constrict eight enemies at once.
Your skin changes colour to match your surroundings (Stealth+).
Your rubbery body absorbs attacks. (AC +1, EV +1)


Message History

Confirm with . or Enter, or press ? or * to list all spells.
Aiming: Freeze
Press: ? - help, Shift-Dir - straight line, f - orc
Aim: an orc, wielding a trident and wearing a ring mail (moderately wounded, constricted by you)
You freeze the orc.
You kill the orc!
The orc hits you from afar with a trident!
The orc hits you with a trident!
* * * LOW HITPOINT WARNING * * *
Things that are here:
a leather armour; a hand axe; an orc corpse
Casting: Freeze
Confirm with . or Enter, or press ? or * to list all spells.
Aiming: Freeze
Press: ? - help, Shift-Dir - straight line, f - orc
Aim: an orc, wielding a trident You freeze the orc.
The orc is heavily wounded.
The orc hits you with a trident!
You die...

#.#....
#.#..# #.#.#
#...#
###..###..#
#..........
##).......##
#.<.......#
#.@.......#
#.o.......#
#.........#
#.........#
##.......##
^........
.........
.........


You could see an orc.

Vanquished Creatures
  2 adders
  3 worms
  A dart slug (D:2)
  3 leopard geckos
  2 orcs (D:3)
  5 bats
  2 giant cockroaches
  6 goblins
  3 hobgoblins
  4 jackals (D:2)
  2 ball pythons
  4 frilled lizards
  2 kobolds (D:2)
  5 rats
44 creatures vanquished.

Notes
Turn   | Place    | Note
-------+----------+-------------------------------------------
     0 | D:1      | oplop the Octopode Ice Elementalist began the quest for the Orb.
     0 | D:1      | Reached XP level 1. HP: 11/11 MP: 3/3
   344 | D:1      | Reached XP level 2. HP: 15/17 MP: 3/5
  1222 | D:2      | Reached XP level 3. HP: 14/22 MP: 2/6
  1747 | D:2      | Reached skill level 1 in Fighting
  1998 | D:2      | Learned a level 3 spell: Ozocubu's Armour
  2419 | D:3      | Noticed Terence
  2463 | D:3      | Found a basalt altar of Yredelemnul.
  2513 | D:3      | Reached XP level 4. HP: 23/28 MP: 5/8
  2796 | D:3      | Slain by an orc

Vault maps used:
D:1:      lightli_arrival_quake
D:2:      serial_glass, glass_columns_a, glass_columns_a, feat_on_display,
          feat_on_display, minmay_strange_pillars
D:3:      first_ration, yredelemnul_altar_generic, uniq_terence

Skill      XL: |  1  2  3 |
---------------+----------+-----
Fighting       | 1 |  1.2
Dodging        | |  2.5
Stealth        | |  2.6
Spellcasting   | |  2.8
Conjurations   | |  1.0
Ice Magic      | |  3.8

Action                   |  1- 3 |  4- 6 || total
-------------------------+-------+-------++-------
Melee: Unarmed           |    48 |       ||    48
       Constrict         |    28 |     4 ||    32
       Tentacles         |     9 |     3 ||    12
       Whip              |    35 |    11 ||    46
 Cast: Freeze            |    22 |    12 ||    34
       Ozocubu's Armour  |       |     1 ||     1
 Stab: Sleeping          |     7 |       ||     7
  Eat: Chunk             |     2 |       ||     2
       Ration            |     1 |       ||     1
Armor: Skin              |    12 |     2 ||    14
Dodge: Dodged            |    64 |    10 ||    74

Table legend:
 A = Spawn XP
 B = Non-spawn XP
 C = Spawn XP percentage of total XP
 D = Spawn monster count
 E = Non-spawn monster count
 F = Spawn count percentage of total count
 G = Total turns spent on level
                    A         B        C        D         E        F      G
               +---------+---------+-------+---------+---------+-------+---------
         Total |       0 |     112 |   0.0 |       0 |      44 |   0.0 |  2796
               +---------+---------+-------+---------+---------+-------+---------
           D:1 |       0 |      18 |   0.0 |       0 |      11 |   0.0 |  1079
           D:2 |       0 |      59 |   0.0 |       0 |      24 |   0.0 |  1608
           D:3 |       0 |      35 |   0.0 |       0 |       9 |   0.0 |   109
               +---------+---------+-------+---------+---------+-------+---------
